Map: Bridgehead LE (Void)

Players

Horde

  • Race: Zerg Zerg
  • League: Grandmaster

SticklerMac - Winner!

  • Race: Terran Terran
  • League: Bronze

VOD

Have the link to the VOD?

Description

Time

  • Played on: July 26, 2015, 6:23 p.m.
  • Length: 11:09
Show
View Real Time Build Order
Export as new Build Order

Horde Zerg 

Build Orders: Hatch First 

Get SALT Encoding   

  12  0:01  Drone  
  13  0:12  Overlord  
  13  0:19  Drone  
  14  0:31  Drone x2  
  14  0:34  Drone  
  17  0:54  Hatchery  
  17  0:55  Drone  
  17  1:02  Overlord  
  17  1:06  Drone  
  17  1:11  Extractor  
  17  1:17  Drone  
  18  1:25  Spawning Pool  
  17  1:31  Drone  
  18  1:38  Drone  
  19  1:51  Drone  
  20  2:00  Drone  
  21  2:06  Drone  
  22  2:11  Metabolic Boost  
  22  2:12  Queen x2  
  22  2:13  Drone  
  27  2:16  Drone  
  27  2:21  Drone  
  29  2:28  Zergling x2  
  30  2:32  Zergling x2  
  31  2:39  Zergling x2  
  31  2:43  Drone  
  33  2:49  Drone  
  34  2:54  Drone  
  35  2:59  Overlord  
  35  3:06  Overlord  
  35  3:10  Overlord  
  35  3:17  Queen x2  
  35  3:18  Evolution Chamber  
  35  3:19  Drone  
  39  3:28  Zergling x8  
  39  3:29  Zergling x8  
  39  3:30  Zergling x2  
  48  3:42  Zergling x4  
  48  3:46  Zergling x2  
  51  3:51  Baneling Nest, Zergling x2  
  51  4:05  Zergling x14  
  51  4:06  Zergling x4  
  51  4:09  Overlord  
  60  4:12  Zerg Melee Weapons Level 1  
  60  4:15  Overlord  
  59  4:31  Lair  
  59  4:32  Zergling x8  
  63  4:39  Zergling x2  
  63  4:43  Zergling x2  
  63  4:44  Zergling x2  
  66  4:47  Zergling x4  
  66  4:50  Drone  
  66  4:51  Drone  
  70  4:54  Drone  
  70  4:56  Drone  
  70  4:58  Drone  
  73  5:01  Drone  
  73  5:02  Drone  
  75  5:13  Overlord x2  
  75  5:14  Overlord  
  75  5:25  Overlord x2  
  75  5:26  Overlord  
  75  5:32  Drone  
  75  5:33  Zergling x6  
  79  5:39  Zergling x2  
  80  5:43  Zergling x2  
  80  5:49  Zergling x2  
  83  5:50  Zergling x8  
  83  5:53  Zergling x2  
  83  5:54  Zergling x6  
  90  5:59  Zergling x2  
  91  6:05  Zergling x2  
  91  6:06  Zerg Ground Armor Level 1  
  93  6:11  Zergling x2  
  93  6:20  Zergling x4  
  93  6:21  Zergling x14  
  102  6:28  Zergling x2  
  102  6:30  Zergling x2  
  104  6:34  Zergling x2  
  106  6:40  Zergling x2  
  106  6:47  Zergling x2  
  106  6:50  Zergling x2  
  108  6:57  Zergling x10  
  108  6:58  Zergling x6  
  108  7:00  Hatchery  
  115  7:01  Zergling x2  
  116  7:14  Zergling x2  
  116  7:15  Zergling x4  
  119  7:26  Zergling x2  
  119  7:27  Zergling x2  
  121  7:32  Zergling x2  
  121  7:33  Zergling x2  
  123  7:38  Overlord x5  
  123  7:39  Overlord  
  123  7:44  Overlord x2  
  121  8:00  Zerg Melee Weapons Level 2  
  121  8:02  Zergling x6  
  121  8:03  Zergling x2  
  125  8:17  Zergling x4  
  125  8:18  Infestation Pit, Zergling x12  
  125  8:19  Zergling x2  
  133  8:25  Zergling x4  
  135  8:30  Zergling x2  
  135  8:34  Zergling x4  
  138  8:42  Zergling x2  
  138  8:48  Drone, Zergling x2  
  141  8:51  Zergling x2  
  142  9:00  Zergling x6  
  145  9:12  Zergling x4  
  145  9:13  Zergling x2  
  128  9:21  Drone, Zergling x2  
  128  9:22  Zergling x2  
  76  9:28  Zergling x10  
  76  9:29  Zergling x8  
  68  9:34  Zergling x6  
  71  9:49  Hive  
  71  9:52  Zergling x10  
  76  9:53  Zergling x4  
  78  10:02  Zergling x2  
  78  10:05  Zergling x4  
  78  10:06  Zergling x4  
  78  10:07  Zergling x4  
  84  10:08  Zergling x2  
  84  10:09  Zergling x6  
  84  10:12  Hatchery  
  60  10:27  Zergling x2  
  55  10:30  Baneling x4  
  55  10:31  Baneling x6  
  55  10:32  Baneling x3  
  50  10:36  Zergling x6  
  50  10:37  Zergling x6  
  54  10:46  Zergling x10  
Show
View Real Time Build Order
Export as new Build Order

SticklerMac Terran - Winner!

Build Orders: Cyclone Opening 

Get SALT Encoding   

  12  0:01  SCV  
  13  0:13  SCV  
  14  0:21  Supply Depot  
  14  0:25  SCV  
  15  0:30  Refinery  
  15  0:42  SCV  
  16  0:45  Barracks  
  16  0:55  SCV  
  17  1:07  SCV  
  18  1:33  SCV  
  18  1:37  Factory  
  19  1:44  Barracks Tech Lab  
  19  1:47  Command Center  
  19  1:52  SCV  
  20  2:04  SCV  
  21  2:21  SCV  
  22  2:35  Refinery  
  23  2:39  Orbital Command  
  23  2:41  Barracks Reactor  
  22  2:54  Supply Depot  
  22  2:55  Supply Depot  
  22  2:59  Cyclone  
  22  3:03  SCV  
  26  3:06  SCV  
  27  3:15  SCV  
  27  3:18  SCV  
  29  3:25  Marine  
  29  3:26  Marine  
  29  3:27  Barracks x2  
  31  3:30  SCV  
  31  3:34  Orbital Command  
  32  3:48  Siege Tank  
  32  3:49  SCV  
  36  3:59  Starport  
  36  4:01  SCV  
  37  4:07  SCV  
  38  4:13  SCV  
  39  4:27  Barracks Reactor  
  39  4:28  Barracks Reactor  
  39  4:31  Barracks  
  39  4:36  Barracks  
  40  4:38  SCV x2  
  40  4:44  Starport Reactor  
  41  4:50  SCV  
  42  5:00  Supply Depot  
  42  5:06  Siege Tank  
  45  5:25  Barracks Reactor  
  45  5:29  Medivac x2  
  45  5:32  Barracks Reactor  
  49  5:38  Barracks Tech Lab  
  49  5:54  Marine  
  49  5:55  Marine x5  
  49  5:56  Marine  
  56  6:01  Stimpack, Marine x2  
  58  6:06  Medivac  
  60  6:12  Supply Depot, Marine  
  60  6:13  Marine  
  62  6:33  SCV, Medivac, Marine x5  
  62  6:35  Supply Depot  
  62  6:36  Refinery  
  62  6:39  Refinery  
  70  6:57  SCV x2, Supply Depot, Marine x6  
  78  7:02  Supply Depot  
  78  7:13  Marine  
  78  7:14  SCV  
  78  7:15  Marine x2  
  78  7:16  Marine x4  
  78  7:17  Marine x2  
  78  7:19  Supply Depot, Siege Tank, Medivac  
  81  7:24  Supply Depot  
  81  7:27  Orbital Command  
  81  7:31  Marine  
  81  7:32  Marine  
  81  7:34  Marine  
  81  7:35  Marine x2  
  86  7:37  Marine  
  86  7:38  Marine x3  
  90  7:49  Marine  
  90  7:50  Marine  
  92  7:51  Marine  
  92  7:52  Marine  
  92  7:53  Marine  
  92  7:55  Marine  
  92  7:56  Marine x3  
  92  7:58  Siege Tank  
  102  8:06  Marine  
  102  8:08  Marine  
  102  8:09  Marine  
  102  8:10  Marine  
  102  8:11  Marine  
  107  8:13  Marine, Medivac  
  107  8:19  Supply Depot  
  110  8:21  Supply Depot  
  110  8:40  Medivac, Marine x6  
  118  8:42  Marine x3  
  89  9:28  Marine  
  87  9:54  Orbital Command  
Tags
 
Add a new tag
Caveats
  • Supply blocks, unpowered buildings, or Contaminate may cause inaccurate times.
  • Supply counts are checked every 10 seconds.